 Dungeon Crawl Stone Soup version 0.18.1-48-g4cf74bf (webtiles) character file.

31341 Inkary the Pandemonic (level 13, -2/107 HPs)
             Began as a Demonspawn Fighter on July 25, 2016.
             Was a High Priest of Makhleb.
             Slain by a death yak (17 damage)
             ... on level 3 of the Lair of Beasts.
             The game lasted 00:58:10 (16262 turns).

Inkary the Pandemonic (Demonspawn Fighter)         Turns: 16262, Time: 00:58:10

Health: -2/107     AC: 14    Str: 21    XL:     13   Next: 25%
Magic:  0/22       EV: 11    Int: 11    God:    Makhleb [*****.]
Gold:   1311       SH: 12    Dex: 22    Spells: 0 memorised, 12 levels left

rFire  . . .     SeeInvis +     D - +2 falchion (vamp)
rCold  . . .     Gourm    .     Q - +1 ring mail {rPois}
rNeg   . . .     Faith    .     j - +1 buckler
rPois  +         Spirit   +     (no helmet)
rElec  .         Dismiss  .     e - +2 cloak of the Thief {+Fog Slay-2 SInv Stlth+}
rCorr  .         Reflect  +     I - +0 pair of gloves
SustAt +         Harm     .     (no boots)
MR     .....     Rnd*Rage +     i - +4 amulet of reflection
Stlth  ++........               a - ring of sustain attributes
                                K - +4 ring of dexterity

@: about to teleport, drained, not resistant to hostile enchantments, unstealthy
A: talons 2, agile 1, berserk 1, clever 1, deterioration 1, sense surroundings
2, shaggy fur 1, spiny 1, strong 1, wild magic 1, magic shield, sturdy frame 2
a: Minor Destruction, Lesser Servant of Makhleb, Major Destruction, Greater
Servant of Makhleb, Renounce Religion, Evoke Fog


You were on level 3 of the Lair of Beasts.
You worshipped Makhleb.
Makhleb was extremely pleased with you.
You were hungry.

You visited 5 branches of the dungeon, and saw 18 of its levels.

You collected 1999 gold pieces.
You spent 688 gold pieces at shops.

Inventory:

Hand Weapons
 d - a +4 flail of protection
 y - a +1 falchion of flaming
 D - a +2 vampiric falchion (weapon)
Armour
 e - the +2 cloak of the Thief (worn) {+Fog Slay-2 SInv Stlth+}
   (You acquired it on level 9 of the Dungeon)

   It affects your accuracy and damage with ranged weapons and melee attacks
   (-2).
   It lets you see invisible.
   It can be evoked to emit clouds of fog.
   It makes you more stealthy.
 j - a +1 buckler (worn)
 I - a +0 pair of gloves (worn)
 Q - a +1 ring mail of poison resistance (worn)
Jewellery
 a - a ring of sustain attributes (right hand)
 i - a +4 amulet of reflection (around neck)
 t - an uncursed amulet of regeneration
 K - a +4 ring of dexterity (left hand)
 M - an uncursed ring of resist corrosion
 O - an uncursed ring of fire
Wands
 b - a wand of confusion (31/48)
Scrolls
 c - 7 scrolls of remove curse
 o - 2 scrolls of magic mapping
 r - 2 scrolls of teleportation
 s - a scroll of enchant armour
 u - a scroll of fog
 x - a scroll of enchant weapon {unknown}
 E - 2 scrolls of identify
 H - 2 scrolls of recharging
 J - a scroll of brand weapon
 L - a scroll of silence
 N - a scroll of torment {unknown}
 P - a scroll of fear {unknown}
Potions
 k - 4 potions of ambrosia
 l - a potion of curing {unknown}
 m - a potion of brilliance
 n - 3 potions of lignification
 q - a potion of beneficial mutation {unknown}
 z - 2 potions of agility
 A - 3 potions of cancellation
 B - a potion of magic
 C - 4 potions of flight {unknown}
 F - a potion of might
 G - 4 potions of cure mutation {unknown}
Comestibles
 f - 12 bread rations
 g - 9 meat rations
 h - 3 slices of pizza
 p - 6 chunks of flesh
 v - 9 royal jellies
 w - 4 beef jerkies


   Skills:
 + Level 11.7 Fighting
 + Level 10.5 Long Blades
 - Level 2.0 Maces & Flails
 - Level 9.7(9.6) Armour
 + Level 7.8 Shields
 + Level 12.6 Invocations


You had 12 spell levels left.
You didn't know any spells.

Dungeon Overview and Level Annotations

Branches:
Dungeon (11/15)            Temple (1/1) D:5            Lair (3/8) D:10
    Orc (2/2) D:9             Elf (1/3) Orc:2
  Swamp: Lair:3-6    Shoals: Lair:3-6     Snake: Lair:3-6    Spider: Lair:3-6

Altars:
Ashenzari
Cheibriados
Dithmenos
Elyvilon
Fedhas
Gozag
Kikubaaqudgha
Makhleb
Nemelex Xobeh
Okawaru
Pakellas
Qazlal
Ru
Sif Muna
Trog
Vehumet
Xom
Yredelemnul
Zin
The Shining One
Beogh

Shops:
D:9 ?   Orc:2 :%((:

Annotations:
D:3 1 runed door


Innate Abilities, Weirdness & Mutations

You have razor-sharp toenails.
You are partially covered in sharp spines.
When hurt, damage is shared between your health and your magic reserves.
Your movements are less encumbered by armour (ER -4).
You are agile. (Dex +2)
You tend to lose your temper in combat.
Your mind is acute. (Int +2)
Your body sometimes deteriorates upon taking damage.
You passively map the area around you.
You are covered in fur (AC +1).
Your muscles are strong. (Str +2)
Your spells are a little harder to cast, but a little more powerful.


Message History

You block the yak's attack. The yak gores you but does no damage.
Drink which item? (? for menu, Esc to quit)
Okay, then.
Read which item? (? for menu, Esc to quit)
Okay, then.
You fail to use your ability.
The yak gores you!
* * * LOW HITPOINT WARNING * * *
The death yak gores you!
* * * LOW HITPOINT WARNING * * *
The yak barely misses you. The yak is struck by your spines.
The yak gores you but does no damage.
Read which item? (? for menu, Esc to quit)
Okay, then.
Drink which item? (? for menu, Esc to quit)
Okay, then.
Read which item? (? for menu, Esc to quit)
As you read the scroll of teleportation, it crumbles to dust.
You feel strangely unstable. You block the yak's attack.
The death yak gores you!!
You die...

..##.P...........#
.................#
..........[.....##
.........≈≈≈≈≈≈.#
≈§≈≈.....≈≈≈≈≈≈.#
#≈§≈.....≈≈≈##≈.#
≈§≈≈.....≈≈###≈>##
#§≈≈.....≈≈##≈≈YY#
≈≈§≈.....≈##≈≈≈Y@#
≈≈§≈.....≈≈≈≈≈≈Y##
§.§......≈≈≈≈≈≈.##
.................#
...P##...P......##
...##......≈≈≈≈..#
...#.......≈#≈≈..#
...#P......≈##≈..#
...#.......≈≈≈≈.##


You could see a death yak and 3 yaks.

Vanquished Creatures
  4 ogre magi (Orc:2)
  An unseen horror (D:10)
  3 hill giants
  An ugly thing (D:11)
  2 deep elf magi (Orc:2)
  2 black mambas
  3 spiny frogs (Lair:2)
  A komodo dragon (Lair:2)
  5 two-headed ogres (Orc:2)
  12 blink frogs
  A shadow (D:11)
  A wyvern (D:7)
  11 yaks
  A fire elemental (Lair:3)
  5 hippogriffs
  2 hungry ghosts
  A warg (Orc:2)
  Edmund (D:6)
  2 hell hounds (D:10)
  2 soldier ants (D:8)
  4 water moccasins
  Duvessa (D:4)
  12 orc warriors
  3 porcupines (Lair:1)
  3 ice beasts
  4 sky beasts
  A wasp (D:8)
  2 phantoms
  24 ogres
  4 wolves (Lair:1)
  2 centaurs
  4 crocodiles
  9 giant frogs
  Dowan (D:4)
  A scorpion (D:8)
  18 killer bees
  19 wights
  6 howler monkeys
  3 crimson imps
  2 giant frog zombies
  A centaur zombie (D:5)
  7 hounds
  4 jellies
  Crazy Yiuf (D:5)
  4 giant frog skeletons
  17 orc priests
  2 centaur skeletons
  16 orc wizards
  Ijyb (D:1)
  5 iguanas
  14 worker ants
  4 sheep (Lair:3)
  A hound skeleton (D:9)
  A worker ant zombie (D:5)
  16 gnolls
  10 adders
  13 river rats
  3 shadow imps
  An ooze (D:2)
  2 adder skeletons
  An adder zombie (D:5)
  4 worms
  6 dart slugs
  10 giant geckos
  55 orcs
  13 bats
  3 giant cockroaches
  12 goblins
  10 hobgoblins
  13 jackals
  4 quokkas
  A ball python (D:1)
  7 giant newts
  2 jackal skeletons
  16 kobolds
  A quokka skeleton (D:4)
  A quokka zombie (D:9)
  3 rats
469 creatures vanquished.

Vanquished Creatures (collateral kills)
  Rupert (Lair:3)
  The ghost of JustSomeDude the Cleaver, a journeyman DsMo of Qazlal (Orc:2)
  Harold (Lair:3)
  Urug (Lair:3)
  A hill giant (D:10)
  An orc sorcerer (Orc:1)
  An ugly thing (D:11)
  A spiny frog (Lair:3)
  A komodo dragon (D:9)
  A troll (D:10)
  5 two-headed ogres (Orc:2)
  3 blink frogs (Lair:3)
  4 yaks (Lair:2)
  2 water moccasins
  5 orc warriors
  A wasp (D:10)
  An eye of draining (D:10)
  7 ogres
  A big kobold (D:10)
  4 orc priests (Orc:2)
  A hound (D:10)
  7 orc wizards
  An iguana (D:10)
  A river rat (Lair:3)
  A shadow imp (D:10)
  14 orcs
  2 kobolds (D:10)
70 creatures vanquished.

Vanquished Creatures (others)
  A two-headed ogre (Orc:2)
  A centaur (D:8)
  An orc wizard (D:9)
  A kobold (D:10)
  A plant (Lair:2)
5 creatures vanquished.

Grand Total: 544 creatures vanquished

Notes
Turn   | Place    | Note
--------------------------------------------------------------
     0 | D:1      | Inkary the Demonspawn Fighter began the quest for the Orb.
     0 | D:1      | Reached XP level 1. HP: 18/18 MP: 1/1
   321 | D:1      | Gained mutation: You are partially covered in sharp spines. [demonic ancestry]
   321 | D:1      | Reached XP level 2. HP: 14/24 MP: 2/2
   621 | D:1      | Reached XP level 3. HP: 29/29 MP: 3/3
   780 | D:2      | Noticed Ijyb
   788 | D:1      | Killed Ijyb
   795 | D:2      | Reached XP level 4. HP: 36/37 MP: 4/4
  1119 | D:2      | Found a shimmering altar of Xom.
  1203 | D:2      | Gained mutation: You have sharp toenails. [demonic ancestry]
  1203 | D:2      | Reached XP level 5. HP: 16/42 MP: 5/5
  1797 | D:3      | Found a white marble altar of Elyvilon.
  1797 | D:3      | Noticed an angel
  1798 | D:3      | Found a runed door.
  2116 | D:4      | Reached XP level 6. HP: 41/49 MP: 6/6
  2450 | D:5      | Entered Level 5 of the Dungeon
  2771 | D:5      | Noticed Duvessa
  2771 | D:5      | Noticed Dowan
  2795 | D:4      | Killed Duvessa
  2795 | D:4      | Reached skill level 5 in Fighting
  2795 | D:4      | Gained mutation: Your movements are slightly less encumbered by armour (ER -2). [demonic ancestry]
  2795 | D:4      | Reached XP level 7. HP: 18/56 MP: 7/7
  2800 | D:4      | Killed Dowan
  3002 | D:5      | Got a smelly scale mail
  3007 | D:5      | Found a basalt altar of Yredelemnul.
  3648 | D:5      | Identified the cursed +1 scale mail of the Trees {Int+3 Stlth-} (You found it on level 5 of the Dungeon)
  3666 | D:5      | Found a staircase to the Ecumenical Temple.
  3747 | Temple   | Entered the Ecumenical Temple
  3979 | Temple   | Became a worshipper of Makhleb the Destroyer
  4104 | D:5      | Reached skill level 5 in Shields
  4104 | D:5      | Reached XP level 8. HP: 33/64 MP: 8/8
  4195 | D:5      | Reached skill level 5 in Armour
  4351 | D:5      | Noticed Crazy Yiuf
  4358 | D:5      | Killed Crazy Yiuf
  4370 | D:5      | Got a fine mace
  4371 | D:5      | Identified the cursed +2 mace of Abomination {venom, +Rage Str-4 Int+5 Stlth+} (You found it on level 5 of the Dungeon)
  4460 | D:5      | Found a glowing golden altar of the Shining One.
  4462 | D:5      | Found a stormy altar of Qazlal.
  4570 | D:6      | Reached * piety under Makhleb
  4753 | D:6      | Noticed Edmund
  4764 | D:6      | Killed Edmund
  4764 | D:6      | Reached skill level 1 in Maces & Flails
  4918 | D:6      | Reached skill level 1 in Invocations
  4978 | D:6      | Gained mutation: You are covered in fur (AC +1). [mutagenic meat]
  4979 | D:6      | Gained mutation: Your muscles are strong. (Str +2) [mutagenic meat]
  4980 | D:6      | Gained mutation: You tend to lose your temper in combat. [mutagenic meat]
  4981 | D:6      | Gained mutation: You are agile. (Dex +2) [mutagenic meat]
  5003 | D:6      | Found a shattered altar of Ashenzari.
  5042 | D:6      | Reached skill level 2 in Invocations
  5085 | D:6      | Reached XP level 9. HP: 54/71 MP: 10/10
  5157 | D:6      | Found a radiant altar of Vehumet.
  5168 | D:6      | Found a snail-covered altar of Cheibriados.
  5401 | D:6      | Reached ** piety under Makhleb
  5578 | D:7      | Found a sacrificial altar of Ru.
  5584 | D:7      | Reached skill level 3 in Invocations
  5593 | D:7      | Reached skill level 5 in Long Blades
  5724 | D:7      | Found an ancient bone altar of Kikubaaqudgha.
  5916 | D:7      | Reached skill level 4 in Invocations
  6333 | D:7      | Reached skill level 5 in Invocations
  6686 | D:8      | Reached *** piety under Makhleb
  6734 | D:8      | Reached skill level 6 in Invocations
  6734 | D:8      | Gained mutation: When hurt, damage is shared between your health and your magic reserves. [demonic ancestry]
  6734 | D:8      | Reached XP level 10. HP: 80/80 MP: 14/14
  7474 | D:8      | Reached **** piety under Makhleb
  7489 | D:8      | Reached skill level 7 in Invocations
  8242 | D:9      | Found Gaopt's Magic Scroll Emporium.
  8245 | D:9      | Bought a scroll of magic mapping for 38 gold pieces
  8245 | D:9      | Bought a scroll of silence for 82 gold pieces
  8245 | D:9      | Bought a scroll of identify for 22 gold pieces
  8245 | D:9      | Bought a scroll of identify for 22 gold pieces
  8248 | D:9      | Identified a scroll of acquirement
  8250 | D:9      | Bought a scroll of identify for 22 gold pieces
  8250 | D:9      | Bought a scroll of identify for 22 gold pieces
  8317 | D:9      | Found a deep blue altar of Sif Muna.
  8432 | D:9      | Found a staircase to the Orcish Mines.
  8533 | D:10     | Entered Level 10 of the Dungeon
  8890 | D:10     | Found a staircase to the Lair.
  8915 | D:10     | Noticed a hill giant
  8950 | D:10     | Reached skill level 8 in Invocations
  8955 | D:10     | Killed a hill giant
  9161 | D:10     | Noticed an unseen horror
  9201 | D:10     | Killed an unseen horror
  9207 | D:10     | Gained mutation: Your movements are less encumbered by armour (ER -4). [demonic ancestry]
  9207 | D:10     | Reached XP level 11. HP: 60/89 MP: 12/17
  9688 | D:10     | Noticed a hill giant
  9703 | D:10     | Killed a hill giant
  9792 | D:10     | Noticed a hill giant
  9822 | D:10     | Killed a hill giant
  9978 | D:10     | Reached skill level 9 in Invocations
 10575 | D:11     | Noticed a hill giant
 10589 | D:11     | Killed a hill giant
 10679 | D:11     | Noticed a white ugly thing
 10709 | D:11     | Killed a white ugly thing
 10713 | D:11     | Gained mutation: You passively map a small area around you. [mutagenic meat]
 10714 | D:11     | Gained mutation: You have a pair of small horns on your head. [mutagenic meat]
 10715 | D:11     | Gained mutation: Your mind is acute. (Int +2) [mutagenic meat]
 10716 | D:11     | Gained mutation: You passively map the area around you. [mutagenic meat]
 10789 | D:11     | Noticed a purple ugly thing
 10797 | D:11     | Killed a purple ugly thing
 10806 | D:11     | Gained mutation: Your spells are a little harder to cast, but a little more powerful. [mutagenic meat]
 10807 | D:11     | Lost mutation: You have a pair of small horns on your head. [mutagenic meat]
 10808 | D:11     | Gained mutation: Your body sometimes deteriorates upon taking damage. [mutagenic meat]
 10950 | Orc:1    | Entered Level 1 of the Orcish Mines
 11243 | Orc:2    | Entered Level 2 of the Orcish Mines
 11243 | Orc:2    | Found Xiarau's Book Shop.
 11246 | Orc:2    | Noticed JustSomeDude's ghost (journeyman DsMo)
 11257 | Orc:2    | Killed JustSomeDude's ghost
 11257 | Orc:2    | Reached skill level 10 in Fighting
 11391 | Orc:2    | Found a roughly hewn altar of Beogh.
 11391 | Orc:2    | Reached skill level 10 in Invocations
 11501 | Orc:2    | Found a staircase to the Elven Halls.
 11528 | Orc:1    | Noticed an orc sorcerer
 11542 | Orc:1    | Killed an orc sorcerer
 11567 | Orc:1    | Reached ***** piety under Makhleb
 11791 | Orc:2    | Noticed an ogre mage
 11792 | Orc:2    | Noticed an ogre mage
 11792 | Orc:2    | Found Ycruachi's Food Shoppe.
 11793 | Orc:2    | Noticed an ogre mage
 11793 | Orc:2    | Found Aniyzxeh's Weapon Boutique.
 11834 | Orc:2    | Killed an ogre mage
 11859 | Orc:2    | Found Ifobbuim's Weapon Shoppe.
 11859 | Orc:2    | Found Ibbucady's Book Shop.
 11988 | Orc:2    | Noticed an ogre mage
 12181 | Orc:2    | Killed an ogre mage
 12181 | Orc:2    | Reached XP level 12. HP: 72/98 MP: 10/19
 12352 | Orc:2    | Killed an ogre mage
 12420 | Orc:2    | Reached skill level 11 in Invocations
 12550 | Orc:2    | Bought a bread ration for 60 gold pieces
 12550 | Orc:2    | Bought a bread ration for 60 gold pieces
 12550 | Orc:2    | Bought a bread ration for 60 gold pieces
 12550 | Orc:2    | Bought a bread ration for 60 gold pieces
 12550 | Orc:2    | Bought a bread ration for 60 gold pieces
 12550 | Orc:2    | Bought a meat ration for 60 gold pieces
 12550 | Orc:2    | Bought a meat ration for 60 gold pieces
 12550 | Orc:2    | Bought a meat ration for 60 gold pieces
 13270 | Elf:1    | Entered Level 1 of the Elven Halls
 13851 | Orc:2    | Killed an ogre mage
 13961 | Lair:1   | Entered Level 1 of the Lair of Beasts
 15058 | Lair:2   | Reached skill level 10 in Long Blades
 15193 | Lair:2   | Reached skill level 12 in Invocations
 15739 | Lair:2   | Gained mutation: You have razor-sharp toenails. [demonic ancestry]
 15739 | Lair:2   | Reached XP level 13. HP: 90/106 MP: 17/22
 15907 | Lair:3   | Noticed Urug
 15938 | Lair:3   | Killed Urug
 15962 | Lair:3   | Noticed Harold
 15962 | Lair:3   | Noticed Rupert
 15967 | Lair:3   | Killed Harold
 15989 | Lair:3   | Killed Rupert
 16262 | Lair:3   | Slain by a death yak

Skill      XL: |  1  2  3  4  5  6  7  8  9 10 11 12 |
---------------+-------------------------------------+-----
Long Blades    | 2 3 4 6 7 8 10 | 10.5
Armour         | 3 4 5 7 8 9 |  9.7
Shields        | 3 4 5 7 |  7.8
Fighting       | 4 5 6 7 9 10 11 | 11.7
Maces & Flails | 2 |  2.0
Invocations    | 2 6 8 10 12 | 12.6

Action                   |  1- 3 |  4- 6 |  7- 9 | 10-12 | 13-15 || total
-------------------------+-------+-------+-------+-------+-------++-------
Melee: Long sword        |    68 |   172 |    76 |       |       ||   316
       Mace              |       |       |    42 |       |       ||    42
       Falchion          |       |       |   243 |  1181 |   109 ||  1533
       Flail             |       |       |    23 |       |       ||    23
       Kick              |       |       |       |   559 |    53 ||   612
Invok: Lesser Servant of |       |       |       |    27 |     1 ||    28
       Minor Destruction |       |       |       |     2 |       ||     2
       Major Destruction |       |       |       |     1 |       ||     1
       Greater Servant o |       |       |       |       |     1 ||     1
 Abil: Evoke Fog         |       |       |       |     1 |       ||     1
  Use: Potion            |       |     1 |     2 |     4 |       ||     7
       Scroll            |       |       |    12 |    18 |     1 ||    31
 Stab: Distracted        |       |       |       |     5 |       ||     5
  Eat: Chunk             |       |     6 |    19 |    47 |     3 ||    75
       Beef jerky        |       |       |     1 |     1 |       ||     2
       Royal jelly       |       |       |     1 |       |       ||     1
       Pizza             |       |       |     1 |       |       ||     1
       Fruit             |       |       |       |     3 |       ||     3
       Meat ration       |       |       |       |     1 |       ||     1
Armor: Scale mail        |    31 |    66 |   104 |   309 |     8 ||   518
       Skin              |       |       |       |     9 |       ||     9
       Ring mail         |       |       |       |       |    20 ||    20
Dodge: Dodged            |    22 |    68 |   137 |   365 |    46 ||   638
Block: Buckler           |    38 |   100 |   194 |   617 |    67 ||  1016
       Shield            |     6 |       |       |       |       ||     6
       Reflection        |       |     5 |     2 |    11 |     1 ||    19
